 Dungeon Crawl Stone Soup version 0.29-a0-352-g0917bc69df (webtiles) character file.

Game seed: 7455012048793397916

12 Morbidden the Conjurer (level 2, 8/19 HPs)
             Began as a Demonspawn Conjurer on Apr 24, 2022.
             Quit the game on level 1 of the Dungeon.
             The game lasted 00:00:33 (826 turns).

Morbidden the Conjurer (Demonspawn Conjurer)         Turns: 826, Time: 00:00:33

Health: 8/19       AC:  2    Str:  7    XL:     2   Next: 20%
Magic:  5/5        EV: 12    Int: 19    God:
Gold:   67         SH:  0    Dex: 11    Spells: 4/5 levels left

rFire   . . .      SeeInvis .   (no weapon)
rCold   . . .      Faith    .   (no shield)
rNeg    . . .      Spirit   .   e - +0 robe
rPois   .          Reflect  .   (no helmet)
rElec   .          Harm     .   (no cloak)
rCorr   .          Rampage  .   (no gloves)
Will    .....                   (no boots)
Stlth   ++........              (no amulet)
HPRegen 0.06/turn               (no ring)
MPRegen 0.09/turn               (no ring)

@: no status effects
A: claws 1
a: no special abilities


You were on level 1 of the Dungeon.
You visited 1 branch of the dungeon, and saw 1 of its levels.

You collected 67 gold pieces.

Inventory:

Armour
 e - a +0 robe (worn)
Scrolls
 c - a scroll of fear {unknown}
 d - a scroll of silence {unknown}
 f - a scroll of identify {unknown}
Potions
 b - a potion of magic


   Skills:
 + Level 1.8 Dodging
 + Level 1.9 Stealth
 + Level 2.0 Spellcasting
 + Level 4.4 Conjurations


You had 4 spell levels left.
You knew the following spells:

 Your Spells              Type           Power      Damage    Failure   Level
a - Magic Dart            Conj           72%        1d6       2%          1

Your spell library contained the following spells:

 Spells                   Type           Power      Damage    Failure   Level
 Searing Ray              Conj           36%        2d5       4%          2
 Dazzling Flash           Conj/Hex       20%        N/A       21%         3
 Fulminant Prism          Conj/Hex       5%         3d7       54%         4
 Iskenderun's Mystic Bla  Conj/Tloc      10%        2d4       54%         4


Dungeon Overview and Level Annotations

Branches:
Dungeon (1/15)

Altars:


Innate Abilities, Weirdness & Mutations

You have sharp fingernails.


Message History

You kill the hobgoblin!
Key pressed, stopping explore.
A bat comes into view.
Casting: Magic Dart (safe; 2% risk of failure)
Confirm with . or Enter, or press ? or * to list all spells.
Aiming: Magic Dart (safe; 2% risk of failure)
Press: ? - help, Shift-Dir - straight line, f - bat
Aim: a bat (100% to hit)
The magic dart hits the bat but does no damage.
Casting: Magic Dart (safe; 2% risk of failure)
Confirm with . or Enter, or press ? or * to list all spells.
Aiming: Magic Dart (safe; 2% risk of failure)
Press: ? - help, Shift-Dir - straight line, f/p - bat
Aim: a bat (100% to hit)
The magic dart hits the bat.
You kill the bat!
Key pressed, stopping explore.
Unknown command.
Unknown command.
You are now empty-clawed.
You drop a +0 short sword.
Unknown command.
A jackal comes into view.
The jackal barks!
The jackal stops to sniff the ground.
A jackal is nearby!
A jackal comes into view.
There are monsters nearby!
A jackal comes into view.
The jackal barks! x2
There are monsters nearby!
You closely miss the jackal. The jackal closely misses you.
You closely miss the jackal.
The jackal bites you but does no damage.
The jackal bites you. x2
There are monsters nearby!
You scratch the jackal but do no damage.
The jackal bites you. The jackal barely misses you.
You completely miss the jackal. The jackal barely misses you. x2
You barely miss the jackal. The jackal bites you. x4
Are you sure you want to abandon this character and quit the game? (Confirm with "yes".)

#.# #. #.#
#. #.# #.
#.#######
#.###
###.#......
...#
#..........
#.h#
#..........
#hh#
#...†......
#@##
#.......###
#..#
#.......#
#..#
#.......#
#..##
#.......#
#...#
###.#####
#.#.## #.#
#.#..#####.#
#.##.†..##.#
#.##..#.##.#


You could see 3 jackals.

Vanquished Creatures
  A ball python (D:1)
  2 bats (D:1)
  A giant cockroach (D:1)
  2 hobgoblins (D:1)
  A quokka (D:1)
  2 frilled lizards (D:1)
  A kobold (D:1)
  2 rats (D:1)
12 creatures vanquished.

Notes
Turn   | Place    | Note
-------+----------+-------------------------------------------
     0 | D:1      | Morbidden the Demonspawn Conjurer began the quest for the
                  | Orb.
     0 | D:1      | Reached XP level 1. HP: 13/13 MP: 3/3
   672 | D:1      | Gained mutation: You have sharp fingernails. [demonic
                  | ancestry]
   672 | D:1      | Reached XP level 2. HP: 19/19 MP: 1/5
   826 | D:1      | Quit the game

Illustrated notes

Levels and vault maps discovered:
D:1:      dpeg_arrival_pits, layout_basic

Action                   || total
-------------------------++-------
Melee: Unarmed           ||    18
 Cast: Magic Dart        ||    23
Armor: Robe              ||     4
Dodge: Dodged            ||    10

Table legend: (Time is in decaauts)
 A = Elapsed time spent in this place.
 B = Non-inter-level travel time spent in this place.
 C = Inter-level travel time spent in this place.
 D = Time resting spent in this place.
 E = Time spent auto-exploring this place.
 F = Levels seen in this place.
 G = Mean time per level.
                   A        B        C        D        E       F      G
               +--------+--------+--------+--------+--------+-----+--------+
         Total |    825 |    825 |      0 |    124 |    613 |   1 |  825.0 |
       Dungeon |    825 |    825 |      0 |    124 |    613 |   1 |  825.0 |
               +--------+--------+--------+--------+--------+-----+--------+

Top non-repeatable levels by time:
     D:1: 825 daAuts
